 Dungeon Crawl Stone Soup version 0.30-b1-2-g02819fbbbe (webtiles) character file.

Game seed: 4545182910551553694

16063 dorian the Earth Mage (level 12, -7/87 HPs)
             Began as a Formicid Earth Elementalist on May 11, 2023.
             Was an Elder of Vehumet.
             Mangled by a skeletal warrior
             ... wielding a +0 battleaxe
              (27 damage)
             ... on level 12 of the Dungeon.
             The game lasted 00:32:09 (13387 turns).

dorian the Earth Mage (FoEE)                       Turns: 13387, Time: 00:32:10

Health: -7/87      AC: 10    Str: 14    XL:     12   Next: 65%
Magic:  5/34       EV: 15    Int: 26    God:    Vehumet [****..]
Gold:   1153       SH: 10    Dex: 14    Spells: 8/29 levels left

rFire   . . .        b - staff of conjuration "Kizxyoff" {Int+7}
rCold   . . .        r - +0 kite shield
rNeg    . . .        N - +1 robe of Bad Feelings {rCorr MP+9}
rPois   .            (helmet unavailable)
rElec   .            C - +0 cloak
rCorr   +            (no gloves)
SInv    +            v - +0 pair of boots
Will    +....        (no amulet)
Stlth   ++           d - +4 ring of protection
HPRegen 0.34/turn    z - +5 ring of evasion
MPRegen 0.24/turn

%: no passive effects
@: no status effects
A: permanent stasis, dig shafts and tunnels, antennae 3, four strong arms
a: Dig, Shaft Self, Renounce Religion


You were on level 12 of the Dungeon.
You worshipped Vehumet.
Vehumet was greatly pleased with you.
You visited 2 branches of the dungeon, and saw 13 of its levels.

You collected 1153 gold pieces.

Inventory:

Hand Weapons
 y - a +0 sling
 F - a +4 war axe of freezing
 G - a +5 short sword
Missiles
 i - 26 poisoned darts (quivered)
 t - 6 curare-tipped darts
 K - 2 throwing nets
Armour
 a - a +0 robe
 r - a +0 kite shield (worn)
 v - a +0 pair of boots (worn)
 C - a +0 cloak (worn)
 E - +1 steam dragon scales
 M - an orb of energy
 N - the +1 robe of Bad Feelings (worn) {rCorr MP+9}
   (You found it on level 10 of the Dungeon)

   MP:        It affects your magic capacity (+9).
   rCorr:     It protects you from acid and corrosion.
 O - a +0 leather armour of poison resistance
Magical Staves
 b - the staff of conjuration "Kizxyoff" (weapon) {Int+7}
   (You acquired it on level 7 of the Dungeon)

   [staff of conjuration]

   Base accuracy: +5 Base damage: 5 Base attack delay: 1.2 This weapon's minimum
   attack delay (0.6) is reached at skill level 12.
   Int:       It affects your intelligence (+7).
   It falls into the 'Staves' category.
   It is a weapon for one hand-pair.
Jewellery
 d - a +4 ring of protection (left hand)
 m - a +6 ring of strength
 p - a ring of flight
 z - a +5 ring of evasion (right hand)
 R - a ring of wizardry
Wands
 g - a wand of quicksilver (6)
 x - a wand of roots (10)
 A - a wand of flame (17)
Scrolls
 o - 4 scrolls of vulnerability
 B - a scroll of poison {unknown}
 D - 4 scrolls of blinking {unknown}
 H - a scroll of silence {unknown}
 J - a scroll of acquirement
 L - 2 scrolls of identify
 Q - a scroll of enchant weapon
Potions
 c - 2 potions of brilliance
 e - 6 potions of curing
 f - 3 potions of berserk rage
 h - 3 potions of heal wounds
 j - 3 potions of attraction
 k - 5 potions of degeneration
 l - 3 potions of cancellation
 n - 2 potions of ambrosia
 q - 5 potions of flight {unknown}
 s - 3 potions of mutation {unknown}
 u - a potion of might {unknown}
 w - a potion of invisibility {unknown}
 I - a potion of haste {unknown}
Miscellaneous
 P - a phial of floods


   Skills:
 + Level 5.7 Fighting
 + Level 6.7 Armour
 - Level 1.7 Dodging
 - Level 2.4 Stealth
 + Level 6.9 Shields
 + Level 9.4 Spellcasting
 - Level 8.0 Transmutations
 * Level 15.5 Earth Magic


You had 8 spell levels left.
You knew the following spells:

 Your Spells              Type           Power      Damage    Failure   Level
a - Sandblast             Erth           100%       2d20      0%          1
b - Passwall              Tmut/Erth      54%        N/A       1%          2
c - Stone Arrow           Conj/Erth      100%       3d13      1%          3
d - Petrify               Tmut/Erth      65%        N/A       1%          4
e - Lee's Rapid Deconstr  Erth           37%        3d19*     1%          5
f - Statue Form           Tmut/Erth      43%        N/A       16%         6

Your spell library contained the following spells:

 Spells                   Type           Power      Damage    Failure   Level
 Mephitic Cloud           Conj/Pois/Air  18%        N/A       11%         3
 Beastly Appendage        Tmut           100%       N/A       1%          1
 Wereblood                Tmut           52%        N/A       1%          2
 Scorch                   Fire           24%        2d6       5%          2
 Leda's Liquefaction      Hex/Erth       25%        N/A       5%          4
 Spider Form              Tmut/Pois      33%        N/A       8%          3
 Ensorcelled Hibernation  Hex/Ice        24%        N/A       21%         2
 Flame Wave               Conj/Fire      18%        2d7       32%         4
 Summon Cactus Giant      Summ           6%         N/A       100%        6
 Swiftness                Air            Unusable   N/A       N/A         3

Dungeon Overview and Level Annotations

Branches:
Dungeon (12/15)            Temple (1/1) D:6            Lair (0/5) D:9
    Orc (0/2) D:11

Altars:
Ashenzari
Cheibriados
Dithmenos
Elyvilon
Fedhas
Gozag
Hepliaklqana
Kikubaaqudgha
Makhleb
Nemelex Xobeh
Okawaru
Qazlal
Ru
Sif Muna
Trog
Uskayaw
Vehumet
Wu Jian
Xom
Yredelemnul
Zin
The Shining One

Shops:
D:8 (

Portals:
Trove: D:11 (show slimy rune of Zot)


Innate Abilities, Weirdness & Mutations

You cannot be hasted, slowed, berserked, paralysed or teleported.
You can dig through walls and to a lower floor.
You have a pair of large antennae on your head. (SInv)
Your four strong arms can wield two-handed weapons with a shield.


Message History

Aiming: Lee's Rapid Deconstruction (mildly dangerous; 1% risk of failure)
Press: ? - help, Dir - move target, p - skeletal warrior A stone wall.
The wall shatters!
The blast of rock fragments hits the skeletal warrior but does no damage.
The skeletal warrior is moderately damaged.
The blast of rock fragments hits the skeletal warrior.
The skeletal warrior is heavily damaged.
The skeletal warrior hits you with a +0 battleaxe!!
Unknown command.
Casting: Lee's Rapid Deconstruction (mildly dangerous; 1% risk of failure)
Confirm with . or Enter, or press ? or * to list all spells.
Aiming: Lee's Rapid Deconstruction (mildly dangerous; 1% risk of failure)
Press: ? - help, Dir - move target A stone wall.
The wall shatters!
The blast of rock fragments hits the skeletal warrior!
The skeletal warrior is heavily damaged.
The blast of rock fragments hits the skeletal warrior!!
The skeletal warrior is severely damaged.
The skeletal warrior hits you with a +0 battleaxe.
Unknown command.
The skeletal warrior attacks as you move away!
The skeletal warrior hits you with a +0 battleaxe.
The skeletal warrior attacks as you move away!
The skeletal warrior barely misses you.
The skeletal warrior attacks as you move away!
The skeletal warrior hits you with a +0 battleaxe!
The skeletal warrior attacks as you move away!
The skeletal warrior hits you with a +0 battleaxe!!
* * * LOW HITPOINT WARNING * * *
The skeletal warrior attacks as you move away!
The skeletal warrior completely misses you.
The skeletal warrior attacks as you move away!
The skeletal warrior closely misses you.
The skeletal warrior attacks as you move away!
You block the skeletal warrior's attack.
The skeletal warrior attacks as you move away!
The skeletal warrior hits you with a +0 battleaxe!!
You die...

##....#..)....#..# +......
#....#....)..#..#####
#......
#....#...)...#......#
#...... #....#.......#....#
{####...
#....+.......'<...# #...
#....#.......##...+ #...
#....#........#...# +...
#....#......###...# #...
#......#..@..# #...
#......#...z)# #...
#....###.....###########...
######.......z.............
...........................
...........................
...................##..##..
.................####++####
.................#


You could see 2 skeletal warriors.

Vanquished Creatures
  Sonja (D:12)
  2 skeletal warriors (D:12)
  Lodul (D:11)
  An ugly thing (D:12)
  A cyclops (D:7)
  Joseph (D:7)
  A gargoyle (D:12)
  2 unseen horrors
  A rime drake (D:9)
  Maggie (D:7)
  2 trolls (D:11)
  A hornet (D:8)
  Sigmund (D:2)
  2 wraiths (D:11)
  Eustachio (D:6)
  A vampire (D:8)
  A wyvern (D:8)
  23 yaks
  A steam dragon (D:8)
  4 vampire mosquitoes
  Menkaure (D:5)
  A black bear (D:7)
  6 ice beasts
  6 orc warriors
  3 sky beasts
  11 ogres
  3 centaurs
  A wolf (D:9)
  A phantom (D:5)
  4 kobold brigands
  A gnoll sergeant (D:9)
  2 bullfrogs
  2 scorpions
  11 wights (D:7)
  6 killer bees (D:8)
  9 howler monkeys
  2 jellies
  3 hounds
  2 gnoll boudas
  6 orc priests
  4 iguanas
  A sleepcap (D:7)
  Natasha (twice) (D:2)
  10 orc wizards
  A mummy (D:6)
  Robin (D:3)
  5 adders
  16 gnolls
  A shadow imp (D:7)
  2 white imps
  5 worms
  3 dart slugs
  57 orcs
  3 bats
  4 endoplasms
  6 giant cockroaches
  10 goblins
  15 hobgoblins
  4 jackals (D:4)
  6 quokkas
  7 ball pythons
  A frilled lizard (D:1)
  A hobgoblin zombie (D:6)
  39 kobolds
  A kobold zombie (D:6)
  2 orc zombies (D:6)
  9 rats
346 creatures vanquished.

Vanquished Creatures (others)
  A wizard (D:4)
  An endoplasm (D:3)
  35 plants
37 creatures vanquished.

Grand Total: 383 creatures vanquished

Notes
Turn   | Place    | Note
-------+----------+-------------------------------------------
     0 | D:1      | dorian the Formicid Earth Elementalist began the quest for
                  | the Orb.
     0 | D:1      | Reached XP level 1. HP: 13/13 MP: 3/3
   194 | D:1      | Reached XP level 2. HP: 19/19 MP: 3/5
   306 | D:1      | Reached skill level 4 in Earth Magic
   739 | D:1      | Reached XP level 3. HP: 24/24 MP: 3/6
   866 | D:1      | Found a faded altar of an unknown god.
  1091 | D:2      | Learned a level 2 spell: Passwall
  1105 | D:2      | Noticed Sigmund
  1109 | D:2      | Killed Sigmund
  1110 | D:2      | Reached skill level 5 in Earth Magic
  1110 | D:2      | Reached XP level 4. HP: 30/30 MP: 2/9
  1110 | D:2      | Reached XP level 5. HP: 35/35 MP: 2/10
  1166 | D:2      | Reached XP level 6. HP: 41/41 MP: 4/11
  1250 | D:2      | Found a basalt altar of Yredelemnul.
  1447 | D:2      | Reached skill level 6 in Earth Magic
  2027 | D:2      | Noticed Natasha
  2033 | D:2      | Killed Natasha
  2336 | D:2      | Noticed Natasha
  2342 | D:2      | Killed Natasha
  2667 | D:3      | Noticed Robin
  2672 | D:3      | Killed Robin
  2759 | D:3      | Found a stormy altar of Qazlal.
  2837 | D:3      | Learned a level 3 spell: Stone Arrow
  2842 | D:3      | Learned a level 4 spell: Petrify
  3019 | D:3      | Found an iron altar of Okawaru.
  3090 | D:3      | Found a shimmering altar of Xom.
  3166 | D:4      | Reached XP level 7. HP: 36/46 MP: 3/12
  3282 | D:4      | Reached skill level 7 in Earth Magic
  3392 | D:4      | Found a snail-covered altar of Cheibriados.
  3761 | D:4      | Found an ornate altar of the Wu Jian Council.
  3993 | D:4      | Found a blossoming altar of Fedhas.
  4334 | D:4      | Reached XP level 8. HP: 51/52 MP: 8/14
  4338 | D:4      | Reached skill level 8 in Earth Magic
  4518 | D:4      | Found a bloodstained altar of Trog.
  4520 | D:4      | Noticed a wizard
  4524 | D:4      | Killed a wizard
  4768 | D:5      | Entered Level 5 of the Dungeon
  4980 | D:5      | Reached skill level 5 in Spellcasting
  4980 | D:5      | Reached skill level 5 in Transmutations
  5621 | D:5      | Noticed Menkaure
  5626 | D:5      | Killed Menkaure
  5627 | D:5      | Reached skill level 9 in Earth Magic
  5959 | D:6      | Reached XP level 9. HP: 34/57 MP: 10/17
  6070 | D:6      | Learned a level 5 spell: Lee's Rapid Deconstruction
  6122 | D:6      | Found a staircase to the Ecumenical Temple.
  6137 | Temple   | Entered the Ecumenical Temple
  6143 | Temple   | Became a worshipper of Vehumet
  6303 | D:6      | Noticed Eustachio
  6316 | D:6      | Killed Eustachio
  6317 | D:6      | Reached skill level 10 in Earth Magic
  6717 | D:7      | Noticed Maggie
  6725 | D:7      | Killed Maggie
  6729 | D:7      | Reached * piety under Vehumet
  6729 | D:7      | Offered knowledge of Freeze by Vehumet.
  6834 | D:7      | Found a glowing silver altar of Zin.
  6871 | D:7      | Reached skill level 11 in Earth Magic
  7021 | D:7      | Noticed Joseph
  7299 | D:7      | Reached XP level 10. HP: 63/63 MP: 20/20
  7414 | D:7      | Found a shadowy altar of Dithmenos.
  7472 | D:7      | Found a hazy altar of Hepliaklqana.
  7543 | D:7      | Reached skill level 1 in Armour
  7544 | D:7      | Reached skill level 12 in Earth Magic
  7734 | D:7      | Noticed a cyclops
  7745 | D:7      | Killed a cyclops
  7751 | D:7      | Killed Joseph
  8086 | D:7      | Identified a scroll of acquirement
  8086 | D:7      | Acquired the staff of conjuration "Kizxyoff" {Int+7}
  8572 | D:8      | Offered knowledge of Magic Dart by Vehumet.
  8605 | D:8      | Reached skill level 1 in Shields
  8611 | D:8      | Reached ** piety under Vehumet
  8616 | D:8      | Reached skill level 1 in Fighting
  8761 | D:8      | Reached skill level 13 in Earth Magic
  8769 | D:8      | Found a sparkling altar of Nemelex Xobeh.
  8800 | D:8      | Found a sacrificial altar of Ru.
  9050 | D:8      | Reached XP level 11. HP: 68/72 MP: 11/22
  9145 | D:8      | Found Fyggosyi's Antique Weapon Shop.
  9216 | D:8      | Found an opulent altar of Gozag.
  9297 | D:8      | Learned a level 6 spell: Statue Form
  9392 | D:9      | Found a staircase to the Lair.
 10263 | D:9      | You fall into a shaft and drop 1 floor!
 10263 | D:10     | Entered Level 10 of the Dungeon
 10529 | D:9      | Found a white marble altar of Elyvilon.
 10650 | D:10     | Identified the +1 robe of Bad Feelings {rCorr MP+9}
 10683 | D:10     | Offered knowledge of Frozen Ramparts by Vehumet.
 11290 | D:10     | Found a hide-covered altar of Uskayaw.
 11295 | D:10     | Reached *** piety under Vehumet
 11579 | D:11     | Reached skill level 14 in Earth Magic
 11662 | D:11     | Reached skill level 5 in Armour
 11674 | D:11     | Found an ornate altar of the Wu Jian Council.
 11695 | D:11     | Noticed Lodul
 11705 | D:11     | Reached skill level 5 in Shields
 11707 | D:11     | Killed Lodul
 11908 | D:11     | Reached XP level 12. HP: 69/84 MP: 24/24
 11987 | D:11     | Offered knowledge of Mephitic Cloud by Vehumet.
 12712 | D:11     | Found a portal to a secret trove of treasure.
 12816 | D:11     | Found a staircase to the Orcish Mines.
 12866 | D:12     | Reached skill level 5 in Fighting
 12876 | D:12     | Reached skill level 15 in Earth Magic
 12972 | D:12     | Noticed a two-headed ogre
 12991 | D:12     | Reached **** piety under Vehumet
 13197 | D:12     | Noticed Sonja
 13204 | D:12     | Killed Sonja
 13341 | D:12     | Noticed a skeletal warrior
 13343 | D:12     | Killed a skeletal warrior
 13343 | D:12     | Noticed a skeletal warrior
 13344 | D:12     | Noticed a skeletal warrior
 13345 | D:12     | Noticed a skeletal warrior
 13361 | D:12     | Killed a skeletal warrior
 13387 | D:12     | Mangled by a skeletal warrior

Illustrated notes

Levels and vault maps discovered:
D:1:      minmay_arrival_arboretum_small, layout_basic,
          hellmonk_ecumenical_altar_crossroads, supply_closet_lemuel,
          nrook_campfire, nrook_uturn
D:2:      wad_river_or_something, layout_basic, basic_altar, uniq_sigmund,
          uniq_natasha
D:3:      layout_loops_ring, mainiacjoe_overflow_surrounded_room,
          nicolae_qazlal_scattered_showers, mainiacjoe_overflow_catwalk,
          uniq_robin
D:4:      kennysheep_kobold_camp, layout_loops_corners,
          mainiacjoe_overflow_alcove_4, kennysheep_mini,
          mainiacjoe_overflow_24_doors, trog_wizard
D:5:      layout_basic, uniq_menkaure
D:6:      layout_rooms, minmay_temple_entry_statues_pillars, minmay_holes,
          minmay_mini_ossuary, uniq_eustachio
D:7:      layout_basic, nicolae_overflow_crystal_walls,
          nicolae_dithmenos_shadow_blocks, nicolae_hepliaklqana_hazy_memory,
          minmay_misc_feat_more_columns, kennysheep_donut, uniq_maggie,
          uniq_joseph
D:8:      layout_basic, kennysheep_mini_moat,
          mainiacjoe_overflow_catch_the_wave, serial_shops, nicolae_square_shop
D:9:      layout_stronghold, nicolae_elyvilon_temple_path,
          hellmonk_lair_entry_icy
D:10:     layout_loops_ring, nicolae_uskayaw_dance_studio, nicolae_two_hexagons
D:11:     layout_loops_ring, hiddenorc1_lemuel, trove_entry_hex_spiral,
          nicolae_wu_jian_wuxing_cycle, uniq_lodul
D:12:     layout_irregular_city, kennysheep_generic_room_5, uniq_sonja
Temple:   hellmonk_temple_two_chambers

Skill      XL: |  1  2  3  4  5  6  7  8  9 10 11 12 |
---------------+-------------------------------------+-----
Earth Magic    | 4 5 6 7 9 11 13 14 15 | 15.5
Spellcasting   | 3 4 5 6 7 8 9 |  9.4
Transmutations | 2 3 4 5 7 8 |  8.0
Armour         | 3 5 6 |  6.7
Shields        | 2 5 6 |  6.9
Fighting       | 1 4 5 |  5.7
Dodging        | |  1.7
Stealth        | |  2.4

Action                     |  1- 3 |  4- 6 |  7- 9 | 10-12 || total
---------------------------+-------+-------+-------+-------++-------
  Melee: Unarmed           |    21 |     1 |    18 |       ||    40
         Punch             |       |       |     1 |       ||     1
         Staff             |       |       |       |    14 ||    14
         Short sword       |       |       |       |     7 ||     7
   Fire: Sling             |       |       |    71 |       ||    71
  Throw: Dart              |       |       |     5 |       ||     5
   Cast: Sandblast         |    37 |    72 |   126 |   166 ||   401
         Stone Arrow       |       |       |    17 |    50 ||    67
         Lee's Rapid Decon |       |       |     5 |    50 ||    55
         Petrify           |       |       |       |     3 ||     3
Ability: Dig               |       |       |       |     2 ||     2
  Evoke: Wand              |       |       |     2 |       ||     2
    Use: Scroll            |     4 |     1 |       |    12 ||    17
         Potion            |       |       |     2 |     4 ||     6
   Stab: Sleeping          |     2 |       |       |       ||     2
 Armour: Robe              |     5 |     6 |    31 |    15 ||    57
         Steam dragon scal |       |       |     2 |    35 ||    37
  Dodge: Dodged            |    27 |    10 |    76 |    82 ||   195
  Block: Kite shield       |       |       |       |    53 ||    53
